 Dungeon Crawl Stone Soup version 0.29-a0-284-gf9362112df (webtiles) character file.

Game seed: 6388781036684316780

122 sylnyx the Skirmisher (level 5, -1/33 HPs)
             Began as a Gargoyle Monk on Mar 23, 2022.
             Was an Elder of Cheibriados.
             Slain by a gnoll
             ... wielding a +0 spear
              (6 damage)
             ... on level 4 of the Dungeon.
             The game lasted 00:07:12 (2736 turns).

sylnyx the Skirmisher (Gargoyle Monk)               Turns: 2736, Time: 00:07:12

Health: -1/33      AC:  9    Str: 25    XL:     5   Next: 6%
Magic:  2/5        EV: 13    Int: 20    God:    Cheibriados [****..]
Gold:   263        SH:  0    Dex: 21    Spells: 4/4 levels left

rFire   . . .      SeeInvis .   p - +2 short sword (venom)
rCold   . . .      Faith    .   (no shield)
rNeg    + . .      Spirit   .   b - +0 robe
rPois   ∞          Reflect  .   e - +2 helmet
rElec   +          Harm     .   (no cloak)
rCorr   .          Rampage  .   (no gloves)
Will    .....                   (no boots)
Stlth   +++.......              (no amulet)
HPRegen 0.11/turn               (no ring)
MPRegen 0.09/turn               (no ring)

@: very slow
A: sickness immunity, AC +4, negative energy resistance 1, electricity
resistance, torment resistance 1, petrification resistance
a: Renounce Religion, Bend Time, Temporal Distortion, Slouch


You were on level 4 of the Dungeon.
You worshipped Cheibriados.
Cheibriados was greatly pleased with you.
You visited 1 branch of the dungeon, and saw 4 of its levels.

You collected 263 gold pieces.

Inventory:

Hand Weapons
 a - a +0 mace
 p - a +2 short sword of venom (weapon)
Armour
 b - a +0 robe (worn)
 e - a +2 helmet (worn)
Jewellery
 m - a ring of flight
Wands
 o - a wand of polymorph (9)
Scrolls
 g - a scroll of enchant armour {unknown}
 i - 2 scrolls of noise {unknown}
 k - 4 scrolls of identify {unknown}
 s - a scroll of teleportation {unknown}
 t - a scroll of blinking {unknown}
 v - a scroll of amnesia {unknown}
Potions
 c - 2 potions of ambrosia
 d - a potion of might {unknown}
 f - 2 potions of heal wounds {unknown}
 h - a potion of resistance {unknown}
 j - a potion of brilliance {unknown}
 l - a potion of degeneration {unknown}
 n - a potion of curing {unknown}
 q - a potion of attraction {unknown}
 r - 2 potions of lignification {unknown}
 u - a potion of mutation {unknown}


   Skills:
 + Level 4.0 Fighting
 * Level 1.0 Short Blades
 - Level 3.9 Maces & Flails
 * Level 1.0 Armour
 - Level 2.8 Dodging
 + Level 3.1 Stealth


You had 4 spell levels left.
You didn't know any spells.
Your spell library contained the following spells:

 Spells                   Type           Power      Damage    Failure   Level
 Summon Small Mammal      Summ           0%         N/A       19%         1
 Call Canine Familiar     Summ           0%         N/A       50%         3
 Ignite Poison            Fire/Tmut/Pois 0%         N/A       50%         3
 Mephitic Cloud           Conj/Pois/Air  0%         N/A       50%         3
 Summon Guardian Golem    Hex/Summ       0%         N/A       50%         3
 Freezing Cloud           Conj/Ice/Air   0%         6-21      99%         5


Dungeon Overview and Level Annotations

Branches:
Dungeon (4/15)
 Temple: D:4-7

Altars:
Cheibriados
Elyvilon


Innate Abilities, Weirdness & Mutations

You are immune to sickness and miasma.
Your stone body is resilient. (AC +4)
You are immune to poison.
You resist negative energy. (rN+)
You are resistant to electric shocks. (rElec)
You are resistant to unholy torment.
You are immune to petrification.


Message History

The gnoll attacks as you move away! The gnoll hits you but does no damage.
You barely miss the gnoll.
The gnoll hits you from afar with a +0 spear.
The gnoll hits you with a +0 whip. The gnoll closely misses you.
The gnoll barely misses you.
You hit the gnoll.
The gnoll is poisoned.
The gnoll is moderately wounded.
The gnoll hits you from afar with a +0 halberd.
The gnoll misses you.
The gnoll hits you from afar with a +0 spear.
The gnoll hits you but does no damage. The gnoll attacks as you move away!
The gnoll closely misses you. The gnoll hits you with a +0 whip.
The gnoll hits you but does no damage. The gnoll barely misses you.
You puncture the gnoll!
You kill the gnoll!
Cheibriados appreciates the change of pace.
The gnoll hits you but does no damage.
Your Short Blades skill increases to level 1!
Your Armour skill increases to level 1!
You have reached level 5!
The flow of time bends around you.
The gnoll hits you from afar with a +0 halberd.
Okay, then.
The gnoll closely misses you. The gnoll barely misses you.
An endoplasm comes into view.
The gnoll hits you with a +0 halberd.
The gnoll hits you but does no damage. x2
The gnoll barely misses you. The gnoll closely misses you.
The gnoll hits you but does no damage.
Things that are here:
a +0 whip; a gnoll corpse You barely miss the gnoll.
The gnoll barely misses you.
The gnoll hits you but does no damage. x2
You hit the gnoll.
The gnoll is poisoned.
The gnoll is heavily wounded.
The gnoll hits you with a +0 halberd.
* * * LOW HITPOINT WARNING * * *
The gnoll hits you from afar with a +0 spear.
You die...

........#......# ...
.......##......# ####
.... .....####......#
..# ...
#####...#....#####+#.#
#..
###......'.....#.##.#
###....#.###.#....#
###.)#.###.#...#
##.#.###g#..##
###..@gg'..#
#'#####..#
#.##..##....
#....#####.... ####.#
###. #####..#
##..##.## #...##.#
##.....##


You could see 3 gnolls.

Vanquished Creatures
  A gnoll (D:4)
  6 adders
  An ufetubus (D:4)
  A worm (D:2)
  A dart slug (D:3)
  9 ball pythons
  4 bats
  3 endoplasms
  2 giant cockroaches
  5 goblins
  3 hobgoblins
  4 jackals (D:2)
  A quokka (D:2)
  A frilled lizard (D:2)
  6 kobolds
  3 rats
51 creatures vanquished.

Notes
Turn   | Place    | Note
-------+----------+-------------------------------------------
     0 | D:1      | sylnyx the Gargoyle Monk began the quest for the Orb.
     0 | D:1      | Reached XP level 1. HP: 14/14 MP: 1/1
    17 | D:1      | Found a faded altar of an unknown god.
    20 | D:1      | Prayed at the altar of an unknown god.
    20 | D:1      | Became a worshipper of Cheibriados the Contemplative
    20 | D:1      | Reached * piety under Cheibriados
    20 | D:1      | Reached ** piety under Cheibriados
   104 | D:1      | Reached *** piety under Cheibriados
   105 | D:1      | Reached XP level 2. HP: 15/19 MP: 2/2
   804 | D:2      | Reached XP level 3. HP: 24/24 MP: 3/3
  1382 | D:2      | Reached XP level 4. HP: 29/29 MP: 4/4
  1643 | D:2      | Reached **** piety under Cheibriados
  1894 | D:3      | Found a white marble altar of Elyvilon.
  2328 | D:3      | Reached skill level 4 in Fighting
  2731 | D:4      | Reached skill level 1 in Short Blades
  2731 | D:4      | Reached skill level 1 in Armour
  2731 | D:4      | Reached XP level 5. HP: 18/33 MP: 5/5
  2736 | D:4      | Slain by a gnoll

Illustrated notes

Levels and vault maps discovered:
D:1:      minmay_arrival_jagged, layout_rooms,
          hellmonk_ecumenical_altar_heavens_door
D:2:      layout_basic, minivault_14
D:3:      layout_loops_ring, mainiacjoe_overflow_alcove_2
D:4:      layout_cave_pods, minmay_misc_feat_encased, st_stairs_2,
          sigmund_edmund_badplayer

Skill      XL: |  1  2  3  4 |
---------------+-------------+-----
Fighting       | 4 |  4.0
Stealth        | 3 |  3.1
Short Blades   | 1 |  1.0
Armour         | 1 |  1.0
Maces & Flails | |  3.9
Dodging        | |  2.8

Action                   |  1- 3 |  4- 6 || total
-------------------------+-------+-------++-------
Melee: Mace              |    81 |    13 ||    94
       Punch             |     1 |       ||     1
       Short sword       |       |    29 ||    29
Invok: Bend Time         |       |     1 ||     1
 Stab: Sleeping          |     7 |     4 ||    11
Armor: Robe              |    43 |    24 ||    67
Dodge: Dodged            |    86 |    40 ||   126

Table legend: (Time is in decaauts)
 A = Elapsed time spent in this place.
 B = Non-inter-level travel time spent in this place.
 C = Inter-level travel time spent in this place.
 D = Time resting spent in this place.
 E = Time spent auto-exploring this place.
 F = Levels seen in this place.
 G = Mean time per level.
                   A        B        C        D        E       F      G
               +--------+--------+--------+--------+--------+-----+--------+
         Total |   4077 |   3872 |    205 |    315 |   2985 |   4 | 1019.2 |
       Dungeon |   4077 |   3872 |    205 |    315 |   2985 |   4 | 1019.2 |
               +--------+--------+--------+--------+--------+-----+--------+

Top non-repeatable levels by time:
     D:2: 1537 daAuts
     D:3: 1165 daAuts
     D:1: 964 daAuts
     D:4: 409 daAuts
